 Dungeon Crawl Stone Soup version 0.31-a0-731-ga75f04deac (webtiles) character file.

Game seed: 5917066980774653995

36976 DeathSun the Warrior (level 13, -2/195 HPs)
             Began as a Minotaur Gladiator on Sept 12, 2023.
             Was a High Priest of Okawaru.
             Shot with an arrow by Nessos (4 damage)
             ... on level 5 of the Lair of Beasts.
             The game lasted 00:48:47 (21768 turns).

DeathSun the Warrior (Minotaur Gladiator)          Turns: 21768, Time: 00:48:48

Health: -2/195     AC: 19    Str: 29    XL:     13   Next: 55%
Magic:  19/19      EV: 12    Int:  7    God:    Okawaru [*****.]
Gold:   1220       SH:  5    Dex: 14    Spells: 12/12 levels left

rFire   . . .        H - +3 flail
rCold   . . .        y - +0 buckler
rNeg    . . .        g - +0 swamp dragon scales
rPois   +            c - +0 hat
rElec   .            v - +1 cloak
rCorr   .            z - +0 pair of gloves {Dex+3}
SInv    .            o - +0 pair of boots
Will    .....        (no amulet) Stlth
                     s - +6 ring of strength
HPRegen 0.52/turn    t - +4 ring of protection
MPRegen 0.16/turn

%: no passive effects
@: berserking, hasted, invisible, very quick
A: horns 2, retaliatory headbutt
a: Renounce Religion, Heroism, Finesse, Duel


You were on level 5 of the Lair of Beasts.
You worshipped Okawaru.
Okawaru was extremely pleased with you.
You visited 3 branches of the dungeon, and saw 17 of its levels.

You collected 1395 gold pieces.
You spent 175 gold pieces at shops.

Inventory:

Hand Weapons
 H - a +3 flail (weapon)
Missiles
 a - 4 datura-tipped darts
 d - 7 throwing nets
 e - 7 javelins (quivered)
 M - 2 atropa-tipped darts
Armour
 c - a +0 hat (worn)
 g - +0 swamp dragon scales (worn)
 o - a +0 pair of boots (worn)
 v - a +1 cloak (worn)
 y - a +0 buckler (worn)
 z - a +0 pair of gloves of dexterity (worn)
 X - the orb of Farfalle {*Rage, rN+ Regen+ SInv}
   (Okawaru gifted it to you on level 1 of the Lair of Beasts)

   rN+:       It protects you from negative energy.
   SInv:      It lets you see invisible.
   Regen+:    It increases your rate of health regeneration.
Jewellery
 b - a ring of poison resistance
 h - a ring of willpower
 s - a +6 ring of strength (left hand)
 t - a +4 ring of protection (right hand)
 x - a ring of protection from cold
 B - a ring of wizardry
Talismans
 i - a flux talisman
 N - a maw talisman
Wands
 P - a wand of flame (13)
 U - a wand of roots (8)
 Y - a wand of digging (3)
 Z - a wand of polymorph (2)
Scrolls
 j - 3 scrolls of amnesia
 k - 5 scrolls of noise
 l - 3 scrolls of teleportation
 m - a scroll of revelation
 r - 4 scrolls of enchant armour
 E - 4 scrolls of enchant weapon
 F - 2 scrolls of vulnerability {unknown}
 L - a scroll of acquirement {unknown}
 O - a scroll of fog
 Q - a scroll of silence {unknown}
 S - a scroll of poison
 T - 3 scrolls of blinking
 W - 2 scrolls of immolation
Potions
 f - 5 potions of cancellation
 n - 4 potions of mutation
 p - 5 potions of enlightenment
 w - 3 potions of attraction
 A - a potion of ambrosia {unknown}
 D - a potion of resistance
 G - 3 potions of haste
 I - 3 potions of brilliance
 J - 2 potions of might
 R - 3 potions of lignification


   Skills:
 * Level 16.4 Fighting
 - Level 14.0 Maces & Flails
 - Level 6.0 Throwing
 - Level 10.0 Armour
 - Level 3.2 Dodging
 - Level 4.0 Shields
 + Level 9.8 Invocations
 + Level 5.3 Evocations


You had 12 spell levels left.
You didn't know any spells.
Your spell library contained the following spells:

 Spells                   Type           Power      Damage    Failure   Level
 Foxfire                  Conj/Fire      0%         2x1d4     58%         1
 Kiss of Death            Conj/Necr      0%         2d5       58%         1
 Lesser Beckoning         Tloc           0%         N/A       73%         2
 Static Discharge         Conj/Air       0%         2-2/arc   73%         2
 Confusing Touch          Hex            0%         N/A       91%         3
 Gell's Gravitas          Tloc           0%         N/A       91%         3
 Ignite Poison            Fire/Tmut/Pois 0%         N/A       91%         3
 Sigil of Binding         Hex            0%         N/A       91%         3
 Teleport Other           Tloc           0%         N/A       91%         3
 Airstrike                Air            0%         2d(0-16)  100%        4
 Cause Fear               Hex            0%         N/A       100%        4
 Dimensional Bullseye     Hex/Tloc       0%         N/A       100%        4
 Dispel Undead            Necr           0%         3d6       100%        4
 Leda's Liquefaction      Hex/Erth       0%         N/A       100%        4
 Borgnjor's Vile Clutch   Necr/Erth      0%         N/A       100%        5
 Lee's Rapid Deconstruct  Erth           0%         3d4*      100%        5
 Metabolic Englaciation   Hex/Ice        0%         N/A       100%        5
 Leda's Unmaking          Conj/Erth      0%         9d1       100%        6
 Plasma Beam              Fire/Air       0%         2x1d10    100%        6
 Starburst                Conj/Fire      0%         6d3       100%        6
 Call Canine Familiar     Summ           Unusable   N/A       N/A         3
 Animate Dead             Necr           Unusable   N/A       N/A         4
 Summon Lightning Spire   Summ/Air       Unusable   N/A       N/A         4
 Death Channel            Necr           Unusable   N/A       N/A         6

Dungeon Overview and Level Annotations

Branches:
Dungeon (11/15)            Temple (0/1) D:4            Lair (5/5) D:8
 Shoals (0/4) Lair:3       Spider (0/4) Lair:2        Slime (0/5) Lair:5
    Orc (1/2) D:9

Altars:
Cheibriados
Fedhas
Gozag
Hepliaklqana
Makhleb
Nemelex Xobeh
Okawaru
Qazlal
Ru
Sif Muna
Trog
Vehumet
Wu Jian
Xom
Yredelemnul
The Shining One

Shops:
D:4 [

Annotations:
D:4 1 runed translucent door, Crazy Yiuf
D:6 2 runed translucent doors, Opifex's ghost, novice VSHu
Lair:1 exclusion: 2 oklob plants
Lair:2 2 transporters
Lair:5 Nessos


Innate Abilities, Weirdness & Mutations

You have a pair of horns on your head.
You reflexively headbutt those who attack you in melee.


Message History

Nessos shoots an arrow.
The arrow hits you.
* * * LOW HITPOINT WARNING * * *
The arrow burns you.
You are poisoned.
* * * LOW HITPOINT WARNING * * *
Nessos shoots an arrow.
You block the arrow.
You feel very sick.
Nessos shoots an arrow.
The arrow hits you!
* * * LOW HITPOINT WARNING * * *
The arrow burns you.
* * * LOW HITPOINT WARNING * * *
You feel sick.
Nessos shoots an arrow.
You block the arrow.
Nessos shoots an arrow.
The arrow barely misses you.
You feel yourself speed up.
You feel sick.
Nessos casts a spell.
Nessos blinks!
You feel sick.
Nessos gestures wildly while chanting.
Nessos blinks!
Nessos gestures wildly while chanting.
Nessos blinks!
You feel sick.
Okay, then.
As you read the scroll of identify, it crumbles to dust.
T - 3 scrolls of blinking You feel sick.
You fade into invisibility!
You feel sick.
It was a potion of magic.
Magic courses through your body.
It was a potion of berserk rage.
A red film seems to cover your vision as you go berserk!
You feel yourself moving faster!
You feel mighty!
You feel sick.
Nessos shoots an arrow.
The arrow misses you.
You feel a strong urge to attack something.
You feel sick.
You are no longer poisoned.
Nessos shoots an arrow.
The arrow hits you!
* * * LOW HITPOINT WARNING * * *
The arrow burns you.
You die...

.............c..............##
..♣♣♣...♣♣♣................##
.♣# #♣.♣# #♣[#.............#
.♣ ♣)♣ ♣.##............# .♣#
#♣.♣# #♣.##......§.[...#
..♣♣♣.♣.♣♣♣..##..§§.§§.....#
.....♣♣♣........§§§§§§.....#
..♣♣♣.♣.♣♣♣..###c.§§§§...#P#
.♣# #♣.♣# #♣.P##@§§#§P...###
.♣ ♣.♣ ♣....#§.##§.### .♣#
#♣.♣# #♣..###.#####.###
..♣♣♣...♣♣♣...P###§###....####
.............### ##.......#..#
#..........#.# ##...†....##
##..........#### #.........#
#...........#.# #.......###
##...####...#.## #.......#


You could see Nessos (fast, unable to see you).

Vanquished Creatures
  Kirke (Lair:4)
  A hydra (Lair:5)
  2 two-headed ogres
  A boulder beetle (D:11)
  A merfolk avatar (Lair:5)
  2 skysharks (Lair:5)
  A sea snake (Lair:5)
  2 lindwurms (Lair:4)
  A cyclops (D:9)
  A manticore (Lair:3)
  14 elephants
  2 black mambas (Lair:5)
  An unseen horror (D:11)
  10 cane toads
  7 rime drakes
  7 komodo dragons
  A polar bear (Lair:5)
  2 wind drakes
  4 trolls
  Grinder (D:6)
  A snapping turtle (Lair:5)
  5 blink frogs
  3 hornets
  5 dream sheep (Lair:5)
  6 wyverns
  6 yaks
  2 wraiths
  A basilisk (Lair:5)
  4 hogs
  9 steam dragons
  An acid dragon (D:9)
  17 water moccasins
  7 orc warriors
  4 ice beasts
  A meliai simulacrum (D:11)
  A black bear (D:5)
  4 ogres
  33 wolves
  4 centaurs
  A phantom (D:7)
  3 kobold brigands
  5 scorpions
  12 bullfrogs
  4 wights
  6 killer bees
  4 howler monkeys
  2 electric eels (D:8)
  9 hounds
  4 jellies
  2 orc priests
  4 iguanas (D:5)
  15 orc wizards
  3 gnolls (D:5)
  10 adders
  3 white imps
  3 ufetubi
  3 dart slugs
  25 orcs
  5 ball pythons
  3 bats
  4 endoplasms
  A giant cockroach (D:1)
  4 goblins
  13 hobgoblins
  4 jackals
  7 kobolds
  5 quokkas
  A frilled lizard (D:1)
  5 rats
346 creatures vanquished.

Notes
Turn   | Place    | Note
-------+----------+-------------------------------------------
     0 | D:1      | DeathSun the Minotaur Gladiator began the quest for the
                  | Orb.
     0 | D:1      | Reached XP level 1. HP: 18/18 MP: 0/0
   378 | D:1      | Reached XP level 2. HP: 25/25 MP: 1/1
   766 | D:2      | Reached XP level 3. HP: 28/30 MP: 2/2
   894 | D:2      | Found an iron altar of Okawaru.
   908 | D:2      | Became a worshipper of Warmaster Okawaru
  1067 | D:2      | Reached skill level 5 in Maces & Flails
  1067 | D:2      | Reached XP level 4. HP: 17/37 MP: 3/3
  1681 | D:3      | Found a faded altar of an unknown god.
  1700 | D:3      | Got the Parchment of the Yeti
  2143 | D:3      | Reached XP level 5. HP: 42/42 MP: 4/4
  2407 | D:3      | Found an opulent altar of Gozag.
  2718 | D:4      | Found a sacrificial altar of Ru.
  2817 | D:4      | Found a glowing golden altar of the Shining One.
  2875 | D:4      | Found an iron altar of Okawaru.
  2945 | D:4      | Reached XP level 6. HP: 50/50 MP: 5/5
  2980 | D:4      | Found a staircase to the Ecumenical Temple.
  3219 | D:4      | Reached * piety under Okawaru
  3399 | D:4      | Found Qiry Ludd's Armour Shoppe.
  3407 | D:4      | Bought a +0 buckler for 49 gold pieces
  3407 | D:4      | Bought a +0 pair of gloves of dexterity for 126 gold pieces
  3651 | D:4      | Found a runed translucent door.
  3652 | D:4      | Noticed Crazy Yiuf
  3837 | D:5      | Entered Level 5 of the Dungeon
  3928 | D:4      | Reached skill level 1 in Shields
  4014 | D:5      | Noticed an ice beast
  4023 | D:5      | Reached XP level 7. HP: 43/56 MP: 6/6
  4107 | D:5      | Reached skill level 5 in Throwing
  4204 | D:5      | Reached skill level 1 in Invocations
  4574 | D:5      | Reached ** piety under Okawaru
  4632 | D:5      | Found a shimmering blue altar of Sif Muna.
  4635 | D:5      | Reached XP level 8. HP: 62/62 MP: 8/8
  4845 | D:5      | Found a hazy altar of Hepliaklqana.
  5065 | D:6      | Found a snail-covered altar of Cheibriados.
  5298 | D:6      | Found a large runed translucent door.
  5298 | D:6      | Found a large runed translucent door.
  5301 | D:6      | Noticed Opifex's ghost (novice VSHu)
  5452 | D:6      | Reached skill level 10 in Maces & Flails
  5584 | D:6      | Noticed Grinder
  5600 | D:6      | Killed Grinder
  6144 | D:7      | Reached *** piety under Okawaru
  6145 | D:7      | Reached XP level 9. HP: 42/68 MP: 9/11
  6295 | D:7      | Found a radiant altar of Vehumet.
  6823 | D:7      | Found a bloodstained altar of Trog.
  7273 | D:8      | Noticed a two-headed ogre
  7449 | D:7      | Received a gift from Okawaru
  7649 | D:8      | Killed a two-headed ogre
  7649 | D:8      | Received a gift from Okawaru
  7649 | D:8      | Reached **** piety under Okawaru
  7650 | D:8      | Reached skill level 4 in Fighting
  7650 | D:8      | Reached XP level 10. HP: 31/80 MP: 12/12
  7977 | D:8      | Found a basalt altar of Yredelemnul.
  8060 | D:8      | Found a staircase to the Lair.
  8086 | D:8      | Reached skill level 1 in Armour
  8090 | D:8      | Reached skill level 5 in Fighting
  8202 | D:8      | Received a gift from Okawaru
  8217 | D:8      | Reached skill level 5 in Invocations
  8446 | D:8      | Found a blossoming altar of Fedhas.
  8458 | D:8      | Reached skill level 6 in Fighting
  9034 | D:9      | Found a staircase to the Orcish Mines.
  9070 | D:9      | Noticed a cyclops
  9344 | D:9      | Noticed a two-headed ogre
  9565 | D:9      | Found an ornate altar of the Wu Jian Council.
  9796 | D:9      | Reached skill level 7 in Fighting
  9830 | D:9      | Killed a two-headed ogre
  9917 | D:9      | Reached skill level 8 in Fighting
 10293 | D:9      | Killed a cyclops
 10293 | D:9      | Received a gift from Okawaru
 10294 | D:9      | Reached skill level 5 in Armour
 10537 | Orc:1    | Entered Level 1 of the Orcish Mines
 10696 | Orc:1    | Reached XP level 11. HP: 95/95 MP: 14/14
 10746 | D:10     | Entered Level 10 of the Dungeon
 10795 | D:10     | Reached skill level 9 in Fighting
 10924 | D:10     | Found a sparkling altar of Nemelex Xobeh.
 11100 | D:10     | Received a gift from Okawaru
 11160 | D:10     | Found a glowing silver altar of Zin.
 11163 | D:10     | Found a stormy altar of Qazlal.
 11163 | D:10     | Found a sacrificial altar of Ru.
 11165 | D:10     | Found a sparkling altar of Nemelex Xobeh.
 11165 | D:10     | Found a shimmering altar of Xom.
 11165 | D:10     | Found a stormy altar of Qazlal.
 11463 | D:10     | Found a burning altar of Makhleb.
 11887 | D:11     | Noticed a boulder beetle
 11899 | D:11     | Killed a boulder beetle
 12021 | D:11     | Received a gift from Okawaru
 12021 | D:11     | Reached ***** piety under Okawaru
 12166 | D:11     | Reached skill level 10 in Fighting
 12518 | D:11     | Noticed a death yak
 12690 | Lair:1   | Entered Level 1 of the Lair of Beasts
 13127 | Lair:1   | Reached skill level 11 in Fighting
 13276 | Lair:1   | Received a gift from Okawaru
 13318 | Lair:1   | Noticed an oklob plant
 13318 | Lair:1   | Noticed an oklob plant
 14129 | Lair:2   | Reached skill level 12 in Fighting
 14137 | Lair:1   | Identified the orb of Farfalle {*Rage, rN+ Regen+ SInv}
                  | (Okawaru gifted it to you on level 1 of the Lair of Beasts)
 14137 | Lair:1   | Received a gift from Okawaru
 14471 | Lair:2   | Found a hole to the Spider Nest.
 14471 | Lair:2   | Noticed an orb spider
 14584 | Lair:1   | Reached XP level 12. HP: 90/113 MP: 17/17
 14973 | Lair:2   | Found a transporter.
 15288 | Lair:2   | Found a transporter.
 15346 | Lair:2   | Reached skill level 13 in Fighting
 15689 | Lair:3   | Identified the +10 short sword "Tormentor" {freeze, rElec
                  | rC+}
 16041 | Lair:3   | Reached skill level 1 in Evocations
 16148 | Lair:3   | Found a staircase to the Shoals.
 16667 | Lair:3   | Reached skill level 14 in Fighting
 16684 | Lair:3   | Received a gift from Okawaru
 18385 | Lair:4   | Reached skill level 10 in Armour
 18506 | Lair:5   | Entered Level 5 of the Lair of Beasts
 18506 | Lair:5   | Noticed Kirke
 18510 | Lair:5   | Received a gift from Okawaru
 18942 | Lair:5   | Reached ****** piety under Okawaru
 18943 | Lair:5   | Reached skill level 15 in Fighting
 18943 | Lair:5   | Reached XP level 13. HP: 91/126 MP: 18/18
 20130 | Lair:5   | Found a staircase to the Slime Pits.
 20630 | Lair:4   | Killed Kirke
 20770 | Lair:5   | Reached skill level 16 in Fighting
 20800 | Lair:5   | Identified the orb of the Game of Life {*Rage, -Cast rN+
                  | Slay+6} (Okawaru gifted it to you on level 5 of the Lair of
                  | Beasts)
 20800 | Lair:5   | Received a gift from Okawaru
 20804 | Lair:5   | Reached skill level 5 in Evocations
 21195 | Lair:5   | Noticed Nessos
 21496 | Lair:4   | Found the +7 captain's cutlass {speed, disarm}
 21616 | Lair:5   | Identified the +8 war axe "Yzuru" {drain, Will+ Str+2}
 21768 | Lair:5   | HP: 2/195 [Nessos/arrow (8)]
 21768 | Lair:5   | Shot with an arrow by Nessos

Illustrated notes

Levels and vault maps discovered:
D:1:      wheals_arrival_shading, layout_basic
D:2:      layout_basic, basic_altar
D:3:      layout_loops_corners, lemuel_crystal_altar,
          nicolae_ecumenical_pavilion
D:4:      layout_loops_corners, nicolae_ru_awakened_eye,
          mainiacjoe_overflow_large_starburst, temple_pool_b, serial_shops,
          nicolae_diamond_shop, minmay_vboxes, uniq_crazy_yiuf_cottage
D:5:      layout_rooms, lemuel_doored_altar, mainiacjoe_overflow_brackets,
          minmay_misc_feat_plants, minmay_a_box_with_orc_wizards_in_it
D:6:      layout_loops_ring, mainiacjoe_overflow_catwalk,
          ebering_ghost_disaster_area, kennysheep_generic_room_5, uniq_grinder
D:7:      layout_gridville, nicolae_vehumet_altar_sigil, lightli_temple_of_fire
D:8:      layout_cave_pods, amcnicky_altar_gilded, mainiacjoe_overflow_paths,
          erik_lair_island, minmay_misc_feat_nine_boxes,
          minmay_misc_feat_hallway, dreamdust_princess_corridor,
          minmay_misc_feat_doors, minmay_starry_boxes
D:9:      cheibrodos_barr_body, layout_cave_pods,
          mainiacjoe_overflow_concentric_impassable, orc_0_dummy
D:10:     layout_loops_corners, mainiacjoe_overflow_tiny_flanked,
          nemelex_diamond_rough_becter, doesnt_xom_only_xom
D:11:     layout_stronghold, serial_ice, serial_ice_o, serial_ice_g,
          serial_ice_c, serial_ice_n, serial_ice_e, serial_ice_i
Lair:1:   minmay_lair_oklob_chamber, layout_cave_pods
Lair:2:   gammafunk_cloud_chamber, layout_cave_pods,
          nicolae_spider_entry_orb_guardian, minmay_holes, grunt_megastairs_2
Lair:3:   layout_small_grid, minmay_shoals_entry_beasts
Lair:4:   layout_regular_city, chequers_serial_rivers_small_b,
          minmay_lindwurm_lava
Lair:5:   gammafunk_lair_ancient_temple, layout_cave_pods,
          nicolae_slime_entry_field_trip, minmay_stone_trees_medium,
          uniq_nessos, uniq_kirke
Orc:1:    layout_diamond_mine

Skill      XL: |  1  2  3  4  5  6  7  8  9 10 11 12 13 |
---------------+----------------------------------------+-----
Maces & Flails | 4 5 6 7 8 9 11 14 | 14.0
Throwing       | 3 4 5 6 |  6.0
Shields        | 1 3 4 |  4.0
Invocations    | 1 4 6 8 9 |  9.8
Fighting       | 4 8 12 15 16 | 16.4
Armour         | 5 8 10 | 10.0
Evocations     | 3 5 |  5.3
Dodging        | |  3.2

Action                     |  1- 3 |  4- 6 |  7- 9 | 10-12 | 13-15 || total
---------------------------+-------+-------+-------+-------+-------++-------
  Melee: Flail             |    55 |   137 |   249 |   659 |   203 ||  1303
         Headbutt          |     5 |    18 |    48 |   161 |    62 ||   294
         Punch             |     1 |     1 |       |       |       ||     2
         Unarmed           |       |       |       |     1 |       ||     1
  Throw: Dart              |       |    10 |    35 |    69 |       ||   114
         Javelin           |       |       |       |     2 |       ||     2
 Invoke: Heroism           |       |       |     1 |     2 |       ||     3
         Finesse           |       |       |       |       |     3 ||     3
  Evoke: Wand              |       |       |       |       |     2 ||     2
    Use: Potion            |     2 |     1 |     4 |     4 |     5 ||    16
         Scroll            |       |       |     6 |    12 |     4 ||    22
   Stab: Invisible         |       |       |       |     6 |       ||     6
 Armour: Swamp dragon scal |    38 |    83 |   140 |   525 |   192 ||   978
         Skin              |    11 |    22 |    40 |     4 |       ||    77
  Dodge: Dodged            |    39 |    67 |    86 |   324 |   104 ||   620
  Block: Buckler           |       |       |    58 |   122 |    45 ||   225

Table legend: (Time is in decaauts)
 A = Elapsed time spent in this place.
 B = Non-inter-level travel time spent in this place.
 C = Inter-level travel time spent in this place.
 D = Time resting spent in this place.
 E = Time spent auto-exploring this place.
 F = Levels seen in this place.
 G = Mean time per level.
                   A        B        C        D        E       F      G
               +--------+--------+--------+--------+--------+-----+--------+
         Total |  21563 |  20283 |   1280 |      0 |  16552 |  17 | 1268.4 |
       Dungeon |  12465 |  11628 |    837 |      0 |   9437 |  11 | 1133.2 |
          Lair |   8937 |   8495 |    442 |      0 |   7017 |   5 | 1787.4 |
  Orcish Mines |    160 |    160 |      0 |      0 |     98 |   1 |  160.0 |
               +--------+--------+--------+--------+--------+-----+--------+

Top non-repeatable levels by time:
  Lair:4: 2734 daAuts
  Lair:1: 1883 daAuts
     D:8: 1868 daAuts
  Lair:3: 1711 daAuts
     D:4: 1436 daAuts
  Lair:5: 1421 daAuts
     D:9: 1375 daAuts
     D:7: 1237 daAuts
  Lair:2: 1187 daAuts
     D:6: 1124 daAuts
    D:10: 1073 daAuts
     D:3: 998 daAuts
     D:2: 939 daAuts
     D:5: 877 daAuts
    D:11: 780 daAuts
